[Event "CZE-ch Youth G10-G12-G14 2022"]
[Site "Luhacovice"]
[Date "2022.03.19"]
[Round "9.2"]
[White "Romanko Diana"]
[Black "Janouskova, Eliska"]
[Result "0-1"]
[ECO "A00"]
[WhiteElo "1000"]
[BlackElo "1167"]
[Annotator "NA"]
[PlyCount "130"]
[EventDate "2022.03.12"]
[EventType "swiss"]
[EventCountry "CZE"]
[SourceTitle "playchess.com"]
[Source "ChessBase"]
[SourceQuality "1"]
[TimeControl "40/5400+30:1800+30"]

1. b4 d5 2. Bb2 a6 3. e3 Nc6 4. a3 e5 5. b5 axb5 6. Bxb5 Bd6 7. Bxc6+ bxc6 8. d4 e4 9. Nd2 Nf6 10. c4 O-O 11. c5 Be7 12. Ne2 Be6 13. Ng3 Qd7 14. h3 h6 15. O-O Nh7 16. f3 exf3 17. Nxf3 Ng5 18. Ne5 Qe8 19. Qh5 Bf6 20. h4 Ne4 21. Nxe4 dxe4 22. Rf4 Bxe5 23. dxe5 Qe7 24. Rxe4 Qxc5 25. Rc1 Qb6 26. Bd4 c5 27. Bxc5 Qc6 28. Bxf8 Qxc1+ 29. Kh2 Rxf8 30. a4 Qb2 31. Rf4 Rc8 32. a5 Qa1 33. Rf3 Qxa5 34. Rg3 Qa1 35. Rf3 c5 36. e4 c4 37. Rf2 c3 38. Qf3 c2 39. Rf1 c1=Q 40. Rxc1 Rxc1 41. h5 Qb1 42. Qe3 Rh1+ 43. Kg3 Qb3 44. Qxb3 Bxb3 45. Kg4 Bd1+ 46. Kf4 Rxh5 47. g4 Rh1 48. Kg3 Rg1+ 49. Kh2 Rxg4 50. Kh3 Rxe4 51. Kg3 Rxe5 52. Kf2 Rg5 53. Ke1 h5 54. Kxd1 h4 55. Ke1 h3 56. Kd2 Rg3 57. Ke2 Rg6 58. Kd3 h2 59. Ke4 h1=Q+ 60. Kd4 Rg5 61. Kc4 Qe4+ 62. Kc3 Rg3+ 63. Kd2 Qh4 64. Kd1 Qh2 65. Ke1 Rg1# 0-1

[Event "CZE-ch Youth G10-G12-G14 2022"]
[Site "Luhacovice"]
[Date "2022.03.19"]
[Round "9.3"]
[White "Vancakova, Veronika"]
[Black "Silhankova Simona"]
[Result "1-0"]
[ECO "D08"]
[WhiteElo "1300"]
[BlackElo "1000"]
[Annotator "NA"]
[PlyCount "85"]
[EventDate "2022.03.12"]
[EventType "swiss"]
[EventCountry "CZE"]
[SourceTitle "playchess.com"]
[Source "ChessBase"]
[SourceQuality "1"]
[TimeControl "40/5400+30:1800+30"]

1. d4 d5 2. c4 e5 3. dxe5 d4 4. Nf3 Nc6 5. a3 Nge7 6. b3 g6 7. Bb2 Bg7 8. Nbd2 O-O 9. g3 Bg4 10. Bg2 Nf5 11. h3 Bxf3 12. Nxf3 h6 13. O-O g5 14. Qd3 Qd7 15. Kh2 h5 16. Nxg5 Nxe5 17. Qc2 h4 18. g4 d3 19. exd3 Qd6 20. Kh1 Nd4 21. Bxd4 Qxd4 22. Rae1 Rae8 23. Be4 f5 24. Bd5+ Kh8 25. f4 Nxd3 26. Nf7+ Kh7 27. Ng5+ Kh8 28. Rd1 Re3 29. Nf3 Qf6 30. Rxd3 Rxd3 31. Qxd3 fxg4 32. Ng5 Qh6 33. hxg4 h3 34. Qxh3 Qxh3+ 35. Nxh3 a5 36. Rf3 c6 37. Be6 b5 38. cxb5 cxb5 39. Bd7 b4 40. a4 Rd8 41. Be6 Rd1+ 42. Kg2 Kh7 43. Bf7 1-0

[Event "CZE-ch Youth G10-G12-G14 2022"]
[Site "Luhacovice"]
[Date "2022.03.19"]
[Round "9.4"]
[White "Kusova, Nikola"]
[Black "Stepankova Linda"]
[Result "1-0"]
[ECO "B02"]
[WhiteElo "1227"]
[BlackElo "1000"]
[Annotator "NA"]
[PlyCount "97"]
[EventDate "2022.03.12"]
[EventType "swiss"]
[EventCountry "CZE"]
[SourceTitle "playchess.com"]
[Source "ChessBase"]
[SourceQuality "1"]
[TimeControl "40/5400+30:1800+30"]

1. e4 d5 2. exd5 Nf6 3. Nc3 Nxd5 4. d4 Bf5 5. Bd3 e6 6. Nf3 Bb4 7. Bd2 Bg4 8. Be4 f5 9. Bxd5 exd5 10. Qe2+ Kf8 11. O-O-O Nc6 12. Qb5 Bxf3 13. gxf3 Bxc3 14. Bxc3 Rb8 15. Rhe1 a6 16. Qb3 Kf7 17. Kb1 Qd6 18. h3 b5 19. a3 a5 20. Bd2 Nxd4 21. Qd3 Qf6 22. Bc3 c5 23. b4 axb4 24. axb4 cxb4 25. Bxd4 Qg5 26. Be5 Rbd8 27. Qxb5 Rhe8 28. Rxd5 Rxd5 29. Qxd5+ Kg6 30. Qc6+ Kf7 31. Qd7+ Qe7 32. Qxe7+ Rxe7 33. Kc1 Ke8 34. Kd2 Kd7 35. f4 Kc6 36. Rb1 Kc5 37. Rxb4 g5 38. Rb8 g4 39. hxg4 fxg4 40. Rd8 Rf7 41. Rg8 h5 42. Rg5 Rh7 43. f5 h4 44. f6 h3 45. Rg7 Rxg7 46. fxg7 g3 47. Bxg3 h2 48. Bxh2 Kd5 49. g8=Q+ 1-0

[Event "CZE-ch Youth G10-G12-G14 2022"]
[Site "Luhacovice"]
[Date "2022.03.19"]
[Round "9.5"]
[White "Lickova, Anna"]
[Black "Jenikova Sabina"]
[Result "1-0"]
[ECO "C54"]
[WhiteElo "1016"]
[BlackElo "1076"]
[Annotator "NA"]
[PlyCount "47"]
[EventDate "2022.03.12"]
[EventType "swiss"]
[EventCountry "CZE"]
[SourceTitle "playchess.com"]
[Source "ChessBase"]
[SourceQuality "1"]
[TimeControl "40/5400+30:1800+30"]

1. e4 e5 2. Nf3 Nc6 3. Bc4 Bc5 4. c3 Nf6 5. d4 d5 6. exd5 Nxd5 7. dxc5 Be6 8. Bb5 Qd7 9. Nxe5 Qe7 10. Nxc6 Bd7+ 11. Nxe7 Kxe7 12. Bxd7 Kxd7 13. Qxd5+ Ke7 14. O-O Rhe8 15. Re1+ Kf8 16. Rxe8+ Rxe8 17. Kf1 Kg8 18. Bf4 c6 19. Qd7 Rf8 20. Nd2 a6 21. Re1 a5 22. Re8 a4 23. Rxf8+ Kxf8 24. Qd8# 1-0

[Event "CZE-ch Youth G10-G12-G14 2022"]
[Site "Luhacovice"]
[Date "2022.03.19"]
[Round "9.6"]
[White "Mazurkova Viktorie"]
[Black "Hujova Tess"]
[Result "1/2-1/2"]
[ECO "D00"]
[WhiteElo "1000"]
[BlackElo "1000"]
[Annotator "NA"]
[PlyCount "99"]
[EventDate "2022.03.12"]
[EventType "swiss"]
[EventCountry "CZE"]
[SourceTitle "playchess.com"]
[Source "ChessBase"]
[SourceQuality "1"]
[TimeControl "40/5400+30:1800+30"]

1. d4 d5 2. Nc3 Bf5 3. Bf4 a6 4. f3 Nf6 5. e3 e6 6. a3 Bd6 7. Bxd6 Qxd6 8. Bd3 Bxd3 9. Qxd3 O-O 10. O-O-O Nc6 11. e4 dxe4 12. fxe4 Qf4+ 13. Qd2 Qxd2+ 14. Rxd2 Rad8 15. d5 exd5 16. exd5 Ne7 17. Nge2 Nexd5 18. Nxd5 Rxd5 19. Rhd1 Rxd2 20. Rxd2 h6 21. h3 Re8 22. g3 Re3 23. c3 Ne4 24. Rd8+ Kh7 25. Kd1 Nxg3 26. Nc1 Nf5 27. Rd7 Re7 28. Rd8 g5 29. Rb8 b6 30. b4 Nd6 31. a4 Nc4 32. Ra8 a5 33. bxa5 bxa5 34. Kc2 f5 35. Kb3 Re4 36. Rc8 Nb6 37. Rxc7+ Kg8 38. Rc5 Nxa4 39. Rxa5 Nb6 40. Rxf5 Kg7 41. Rb5 Nc4 42. Rb4 Nd2+ 43. Ka3 Rxb4 44. Kxb4 h5 45. c4 Ne4 46. c5 g4 47. hxg4 hxg4 48. Ne2 Nxc5 49. Kxc5 g3 50. Nxg3 1/2-1/2

[Event "CZE-ch Youth G10-G12-G14 2022"]
[Site "Luhacovice"]
[Date "2022.03.19"]
[Round "9.7"]
[White "Koutna Simona"]
[Black "Tarielasvili Kira"]
[Result "1-0"]
[ECO "C54"]
[WhiteElo "1000"]
[BlackElo "1000"]
[Annotator "NA"]
[PlyCount "61"]
[EventDate "2022.03.12"]
[EventType "swiss"]
[EventCountry "CZE"]
[SourceTitle "playchess.com"]
[Source "ChessBase"]
[SourceQuality "1"]
[TimeControl "40/5400+30:1800+30"]

1. e4 e5 2. Nf3 Nc6 3. d4 Bb4+ 4. c3 Bd6 5. Bc4 Nf6 6. Bg5 h6 7. Bxf6 Qxf6 8. O-O Be7 9. Re1 d6 10. Nbd2 Bg4 11. h3 Be6 12. d5 Bd7 13. dxc6 Bxc6 14. b4 b5 15. Bd5 Bxd5 16. exd5 c5 17. Ne4 Qf5 18. bxc5 dxc5 19. Nxc5 Bxc5 20. Rxe5+ Qxe5 21. Nxe5 O-O 22. Nd7 Rfc8 23. Nxc5 Rxc5 24. d6 Kf8 25. Rc1 Rac8 26. d7 Rd8 27. Rc2 Ke7 28. Re2+ Kf6 29. Re8 Rxe8 30. dxe8=Q Rxc3 31. Qd4+ 1-0

[Event "CZE-ch Youth G10-G12-G14 2022"]
[Site "Luhacovice"]
[Date "2022.03.19"]
[Round "9.8"]
[White "Topencikova Ellen"]
[Black "Zadrapova Gabriela"]
[Result "0-1"]
[ECO "C34"]
[WhiteElo "1000"]
[BlackElo "1000"]
[Annotator "NA"]
[PlyCount "78"]
[EventDate "2022.03.12"]
[EventType "swiss"]
[EventCountry "CZE"]
[SourceTitle "playchess.com"]
[Source "ChessBase"]
[SourceQuality "1"]
[TimeControl "40/5400+30:1800+30"]

1. e4 e5 2. f4 exf4 3. Nf3 d6 4. Bc4 g5 5. d4 h6 6. Nc3 Ne7 7. O-O Bg7 8. e5 O-O 9. exd6 Qxd6 10. Nb5 Qc6 11. d5 Qxc4 12. Na3 Qc5+ 13. Kh1 Nxd5 14. b3 Ne3 15. Bxe3 Qxe3 16. Re1 Qc5 17. Qc1 Bc3 18. Rb1 Bxe1 19. Nxe1 Bd7 20. b4 Qd5 21. Nf3 g4 22. c4 Qe4 23. Nb5 Na6 24. Nxc7 Nxc7 25. Nd2 Qe2 26. Nb3 Bc6 27. Qg1 Rfe8 28. a3 Qa2 29. h3 Re4 30. hxg4 Rae8 31. Nc5 Re2 32. Nd3 Rxg2 33. Qc1 Rc2+ 34. Kg1 Rxc1+ 35. Rxc1 Qxa3 36. b5 Qxd3 37. bxc6 bxc6 38. Kf2 Qd2+ 39. Kf1 Qxc1+ 0-1

[Event "CZE-ch Youth G10-G12-G14 2022"]
[Site "Luhacovice"]
[Date "2022.03.19"]
[Round "9.9"]
[White "Ramseier, Jana S."]
[Black "Martikanova Amalie"]
[Result "0-1"]
[ECO "C27"]
[WhiteElo "2090"]
[BlackElo "1245"]
[Annotator "ChessBase"]
[PlyCount "32"]
[EventDate "2022.03.12"]
[EventType "swiss"]
[EventCountry "CZE"]
[SourceTitle "playchess.com"]
[Source "ChessBase"]
[SourceQuality "1"]
[TimeControl "40/5400+30:1800+30"]

1. e4 e5 2. Bc4 Nf6 3. d3 Bc5 4. Be3 Bb6 5. Nc3 d6 6. Qe2 Be6 7. O-O-O O-O 8. Nf3 Nc6 9. Bxb6 axb6 10. Bxe6 fxe6 11. Ng5 Qe7 12. Rhe1 Nd4 13. Qe3 Ng4 14. Qh3 Qxg5+ 15. Rd2 Qxd2+ 16. Kb1 Qxe1+ 0-1

[Event "CZE-ch Youth G10-G12-G14 2022"]
[Site "Luhacovice"]
[Date "2022.03.19"]
[Round "9.10"]
[White "Vlckova Linda"]
[Black "Rudova Jana"]
[Result "0-1"]
[ECO "D10"]
[WhiteElo "1000"]
[BlackElo "1000"]
[Annotator "NA"]
[PlyCount "72"]
[EventDate "2022.03.12"]
[EventType "swiss"]
[EventCountry "CZE"]
[SourceTitle "playchess.com"]
[Source "ChessBase"]
[SourceQuality "1"]
[TimeControl "40/5400+30:1800+30"]

1. d4 d5 2. c4 c6 3. e3 Nf6 4. Nc3 Bf5 5. Bd3 Bxd3 6. Qxd3 e6 7. c5 Nbd7 8. Nf3 Qe7 9. O-O e5 10. dxe5 Nxe5 11. Nxe5 Qxe5 12. f4 Qc7 13. e4 Bxc5+ 14. Be3 Bxe3+ 15. Qxe3 O-O 16. e5 Ng4 17. Qh3 Qb6+ 18. Kh1 Nf2+ 19. Kg1 Nxh3+ 20. Kh1 Nf2+ 21. Kg1 Nd3+ 22. Kh1 Qxb2 23. Na4 Qa3 24. Rf3 Qxa4 25. Rxd3 Qxf4 26. Rb3 Qxe5 27. Rab1 b6 28. Rb4 Rfe8 29. g3 Qe2 30. a4 Re6 31. a5 Rh6 32. Kg1 Qxh2+ 33. Kf1 Re8 34. Re1 Rf6+ 35. Rf4 Rxf4+ 36. gxf4 Qh6 0-1

[Event "CZE-ch Youth G10-G12-G14 2022"]
[Site "Luhacovice"]
[Date "2022.03.19"]
[Round "9.11"]
[White "Kubalova Nikol"]
[Black "Melicharova Veronika"]
[Result "0-1"]
[ECO "D02"]
[WhiteElo "1000"]
[BlackElo "1000"]
[Annotator "NA"]
[PlyCount "82"]
[EventDate "2022.03.12"]
[EventType "swiss"]
[EventCountry "CZE"]
[SourceTitle "playchess.com"]
[Source "ChessBase"]
[SourceQuality "1"]
[TimeControl "40/5400+30:1800+30"]

1. d4 d5 2. Bf4 Nf6 3. e3 e6 4. Nf3 Bd6 5. Bg3 O-O 6. Bd3 Nc6 7. Nbd2 Bxg3 8. hxg3 h6 9. O-O Nb4 10. e4 dxe4 11. Nxe4 Nxe4 12. Bxe4 Rb8 13. g4 b6 14. g5 hxg5 15. Nxg5 Qxg5 16. c3 Nd5 17. Bxd5 Qxd5 18. f3 Ba6 19. Re1 Rbd8 20. Kf2 Qb7 21. Rh1 c5 22. dxc5 Rxd1 23. Raxd1 bxc5 24. Rh2 Qb6 25. Rdh1 c4+ 26. Kf1 f6 27. g4 Rd8 28. f4 Rd1+ 29. Kg2 Rxh1 30. Rxh1 Bb7+ 31. Kg3 Bxh1 32. Kh2 Bc6 33. Kh3 f5 34. gxf5 exf5 35. Kh4 Qd8+ 36. Kg3 Qd3+ 37. Kh4 Qc2 38. b3 Qh2+ 39. Kg5 Bd7 40. bxc4 Qg3+ 41. Kh5 Be8# 0-1

[Event "CZE-ch Youth G10-G12-G14 2022"]
[Site "Luhacovice"]
[Date "2022.03.19"]
[Round "9.12"]
[White "Kozusnikova, Daniela"]
[Black "Stara, Zuzana"]
[Result "0-1"]
[ECO "D02"]
[WhiteElo "1364"]
[BlackElo "1322"]
[Annotator "NA"]
[PlyCount "92"]
[EventDate "2022.03.12"]
[EventType "swiss"]
[EventCountry "CZE"]
[SourceTitle "playchess.com"]
[Source "ChessBase"]
[SourceQuality "1"]
[TimeControl "40/5400+30:1800+30"]

1. d4 d5 2. Bf4 c5 3. e3 e6 4. Nf3 Nf6 5. c3 Nc6 6. Bd3 Qb6 7. Qc2 Be7 8. Nbd2 Bd7 9. O-O Rc8 10. Rfe1 O-O 11. Rad1 Rfe8 12. h3 h6 13. Nf1 Bf8 14. N1d2 a6 15. Qb1 Qa7 16. dxc5 Bxc5 17. Nb3 e5 18. Bh7+ Nxh7 19. Bh2 e4 20. Nfd4 Nxd4 21. Nxd4 Bxd4 22. Rxd4 Nf6 23. Qc2 Bb5 24. Rdd1 Bd3 25. Qd2 b5 26. Bf4 b4 27. cxb4 Rc2 28. Bd6 Rxd2 29. Rxd2 Rc8 30. Bc5 Qb7 31. a3 Nd7 32. Bd4 f6 33. Bc3 Nb6 34. Rdd1 Na4 35. Bd4 Rc2 36. b3 Nc3 37. Ra1 Ne2+ 38. Kh1 Nxd4 39. exd4 Rxf2 40. Rac1 Rc2 41. Rcd1 Qc7 42. Ra1 Qg3 43. Rg1 e3 44. Rae1 Be4 45. Rxe3 Qxe3 46. a4 Qxh3# 0-1

[Event "CZE-ch Youth G10-G12-G14 2022"]
[Site "Luhacovice"]
[Date "2022.03.19"]
[Round "9.13"]
[White "Horkova, Tereza"]
[Black "Slivova, Linda"]
[Result "1-0"]
[ECO "B01"]
[WhiteElo "1375"]
[BlackElo "1298"]
[Annotator "NA"]
[PlyCount "106"]
[EventDate "2022.03.12"]
[EventType "swiss"]
[EventCountry "CZE"]
[SourceTitle "playchess.com"]
[Source "ChessBase"]
[SourceQuality "1"]
[TimeControl "40/5400+30:1800+30"]

1. e4 d5 2. exd5 Qxd5 3. Nc3 Qd6 4. d4 Nf6 5. Nf3 c6 6. g3 Bg4 7. Bg2 e6 8. O-O Qc7 9. Bf4 Bd6 10. Bxd6 Qxd6 11. Qd2 Nbd7 12. Rad1 O-O 13. Rfe1 Rfe8 14. h3 Bf5 15. Nh4 Bg6 16. Nxg6 hxg6 17. a3 Nd5 18. Nxd5 cxd5 19. Qd3 Qb6 20. b3 Rac8 21. c4 dxc4 22. bxc4 Qc7 23. Rc1 Red8 24. Qb3 b6 25. f4 Qd6 26. Red1 Qe7 27. Qe3 Qf8 28. Kh2 Nf6 29. Qb3 Rd7 30. Rd2 Rdc7 31. a4 Qd6 32. Rcc2 Qe7 33. Qb5 Qd7 34. Qa6 Nd5 35. Bxd5 exd5 36. c5 bxc5 37. dxc5 Rxc5 38. Rxc5 Rxc5 39. h4 Qc7 40. Kh3 Qd7+ 41. Kg2 d4 42. Qd3 Qxa4 43. Qxd4 Qxd4 44. Rxd4 Ra5 45. Rd8+ Kh7 46. Kh3 Ra3 47. Rd7 f5 48. Rd8 a5 49. Ra8 a4 50. Ra7 Ra1 51. Kg2 a3 52. Ra8 a2 53. Kh2 Rb1 1-0

[Event "CZE-ch Youth G10-G12-G14 2022"]
[Site "Luhacovice"]
[Date "2022.03.19"]
[Round "9.14"]
[White "Barteckova, Nikol"]
[Black "Buchtova, Viktorie"]
[Result "1/2-1/2"]
[ECO "B22"]
[WhiteElo "1140"]
[BlackElo "1464"]
[Annotator "NA"]
[PlyCount "92"]
[EventDate "2022.03.12"]
[EventType "swiss"]
[EventCountry "CZE"]
[SourceTitle "playchess.com"]
[Source "ChessBase"]
[SourceQuality "1"]
[TimeControl "40/5400+30:1800+30"]

1. e4 c5 2. c3 d6 3. d4 cxd4 4. cxd4 Nf6 5. Nc3 g6 6. Nf3 Bg7 7. Be3 O-O 8. Be2 Bd7 9. O-O Nc6 10. Qd2 Ng4 11. Bf4 Rc8 12. Rac1 f5 13. exf5 Bxf5 14. h3 Nf6 15. Bh6 Bxh6 16. Qxh6 Qb6 17. Qd2 Ne4 18. Nxe4 Bxe4 19. Rfe1 d5 20. Ng5 Qxd4 21. Qxd4 Nxd4 22. Rxc8 Rxc8 23. Nxe4 Nxe2+ 24. Rxe2 Rc1+ 25. Kh2 dxe4 26. Rxe4 Rc2 27. Rxe7 Rxb2 28. Kg3 a5 29. a4 b6 30. Rb7 Rb4 31. f3 h5 32. f4 Kf8 33. Kh4 Rxf4+ 34. Kg5 Rxa4 35. Rxb6 Ra2 36. g4 hxg4 37. hxg4 a4 38. Ra6 a3 39. Kxg6 Ra1 40. g5 a2 41. Ra7 Ke8 42. Kg7 Kd8 43. g6 Kc8 44. Kg8 Kb8 45. Ra3 Rg1 46. Rxa2 Rxg6+ 1/2-1/2

[Event "CZE-ch Youth G10-G12-G14 2022"]
[Site "Luhacovice"]
[Date "2022.03.19"]
[Round "9.15"]
[White "Stehlikova, Vanessa"]
[Black "Martinkova Klara"]
[Result "1-0"]
[ECO "C47"]
[WhiteElo "1039"]
[BlackElo "1177"]
[Annotator "NA"]
[PlyCount "69"]
[EventDate "2022.03.12"]
[EventType "swiss"]
[EventCountry "CZE"]
[SourceTitle "playchess.com"]
[Source "ChessBase"]
[SourceQuality "1"]
[TimeControl "40/5400+30:1800+30"]

1. e4 e5 2. Nf3 Nc6 3. d4 exd4 4. Nxd4 Nf6 5. Nc3 Bb4 6. Nxc6 bxc6 7. Bd3 d5 8. exd5 O-O 9. Bg5 Re8+ 10. Be2 Ba6 11. O-O Bxc3 12. Bxa6 Bxb2 13. Rb1 Ba3 14. dxc6 Qxd1 15. Rfxd1 Ne4 16. Bh4 Nc3 17. Bg3 Nxb1 18. Rxb1 Rab8 19. Bb7 Re7 20. Rd1 Rbe8 21. f3 Bc5+ 22. Kf1 f5 23. Bf2 Bxf2 24. Kxf2 f4 25. Ba6 Re6 26. Bc4 Kf8 27. Bxe6 Rxe6 28. Rd8+ Ke7 29. Rd7+ Kf6 30. Rxc7 Rd6 31. Ke2 a5 32. Rc8 g6 33. c7 Rc6 34. Rf8+ Ke6 35. c8=Q+ 1-0

[Event "CZE-ch Youth G10-G12-G14 2022"]
[Site "Luhacovice"]
[Date "2022.03.19"]
[Round "9.16"]
[White "Hladka, Leontyna"]
[Black "Kavanova Valentyna"]
[Result "1-0"]
[ECO "C08"]
[WhiteElo "1134"]
[BlackElo "1000"]
[Annotator "NA"]
[PlyCount "47"]
[EventDate "2022.03.12"]
[EventType "swiss"]
[EventCountry "CZE"]
[SourceTitle "playchess.com"]
[Source "ChessBase"]
[SourceQuality "1"]
[TimeControl "40/5400+30:1800+30"]

1. e4 e6 2. d4 d5 3. Nd2 c5 4. exd5 exd5 5. Ngf3 Bg4 6. Bb5+ Nc6 7. O-O cxd4 8. Re1+ Be7 9. Qe2 Nf6 10. Nb3 a6 11. Bxc6+ bxc6 12. Nbxd4 Rc8 13. Bf4 c5 14. Nb3 d4 15. h3 Nd5 16. Bg5 c4 17. Bxe7 Nxe7 18. Nbxd4 Bh5 19. Nf5 Rc7 20. Nxg7+ Kd7 21. Rad1+ Kc8 22. Rxd8+ Rxd8 23. Nxh5 Re8 24. Nf6 1-0

[Event "CZE-ch Youth G10-G12-G14 2022"]
[Site "Luhacovice"]
[Date "2022.03.19"]
[Round "9.17"]
[White "Lukaskova Ellen"]
[Black "Markina, Sofiia"]
[Result "1-0"]
[ECO "B80"]
[WhiteElo "1058"]
[BlackElo "1367"]
[Annotator "NA"]
[PlyCount "107"]
[EventDate "2022.03.12"]
[EventType "swiss"]
[EventCountry "CZE"]
[SourceTitle "playchess.com"]
[Source "ChessBase"]
[SourceQuality "1"]
[TimeControl "40/5400+30:1800+30"]

1. e4 c5 2. Nf3 e6 3. Nc3 d6 4. d4 cxd4 5. Nxd4 Nf6 6. Be3 Be7 7. f3 O-O 8. Qd2 Nc6 9. O-O-O a6 10. g4 Qc7 11. h4 b5 12. Nxc6 Qxc6 13. a3 Nd7 14. g5 Ne5 15. Be2 Nc4 16. Bxc4 bxc4 17. h5 Rb8 18. g6 Qb7 19. Rdg1 Qxb2+ 20. Kd1 Bf6 21. h6 Bxc3 22. gxh7+ Kh8 23. hxg7+ Bxg7 24. Bh6 Bxh6 25. Qxh6 Qd4+ 26. Ke2 Bd7 27. Rg8+ Rxg8 28. hxg8=Q+ Kxg8 29. Qh7+ Kf8 30. Qh8+ Qxh8 31. Rxh8+ Ke7 32. Rxb8 Bb5 33. Ke3 Kf6 34. Rb6 Ke7 35. f4 Kd7 36. Rb7+ Ke8 37. f5 exf5 38. exf5 f6 39. Ra7 Bd7 40. Rxa6 Bxf5 41. Rxd6 Bxc2 42. Rxf6 Ke7 43. Rc6 Bb3 44. Kd4 Kd7 45. Rh6 Kc7 46. Kc3 Kb7 47. Kb4 Ka7 48. a4 Kb7 49. a5 Ka7 50. Rb6 Ka8 51. a6 Ka7 52. Ka5 c3 53. Rxb3 c2 54. Rc3 1-0

[Event "CZE-ch Youth G10-G12-G14 2022"]
[Site "Luhacovice"]
[Date "2022.03.19"]
[Round "9.18"]
[White "Kammova, Katerina"]
[Black "Bartova Hana"]
[Result "1-0"]
[ECO "C44"]
[WhiteElo "1376"]
[BlackElo "1000"]
[Annotator "NA"]
[PlyCount "45"]
[EventDate "2022.03.12"]
[EventType "swiss"]
[EventCountry "CZE"]
[SourceTitle "playchess.com"]
[Source "ChessBase"]
[SourceQuality "1"]
[TimeControl "40/5400+30:1800+30"]

1. e4 e5 2. d4 exd4 3. Nf3 Nc6 4. c3 dxc3 5. Nxc3 Bc5 6. Bc4 Nge7 7. Ng5 O-O 8. Qh5 h6 9. Nxf7 Rxf7 10. Bxf7+ Kf8 11. O-O d6 12. Bb3 Qe8 13. Qf3+ Nf5 14. exf5 Bd4 15. Qd5 Qh5 16. Qg8+ Ke7 17. Re1+ Be5 18. Qxg7+ Kd8 19. Qf8+ Qe8 20. Qxe8+ Kxe8 21. f4 Bxf5 22. fxe5 dxe5 23. Bxh6 1-0

[Event "CZE-ch Youth G10-G12-G14 2022"]
[Site "Luhacovice"]
[Date "2022.03.19"]
[Round "9.19"]
[White "Barteckova, Valerie"]
[Black "Krisicova Neli"]
[Result "1-0"]
[ECO "C61"]
[WhiteElo "1250"]
[BlackElo "1093"]
[Annotator "NA"]
[PlyCount "120"]
[EventDate "2022.03.12"]
[EventType "swiss"]
[EventCountry "CZE"]
[SourceTitle "playchess.com"]
[Source "ChessBase"]
[SourceQuality "1"]
[TimeControl "40/5400+30:1800+30"]

1. e4 e5 2. Nf3 Nc6 3. Bb5 Nd4 4. Nxd4 exd4 5. O-O Bc5 6. Re1 Ne7 7. Bc4 O-O 8. d3 h6 9. Qf3 c6 10. Qg3 Ng6 11. Nd2 d5 12. exd5 cxd5 13. Bb3 a5 14. a3 Re8 15. Rxe8+ Qxe8 16. Bxd5 Qe1+ 17. Nf1 Ra6 18. f3 Qe7 19. Bd2 Bf5 20. Re1 Qd7 21. Bb3 a4 22. Ba2 Rb6 23. Bc1 Qc6 24. Bc4 Qd7 25. Qb8+ Kh7 26. Qe8 Qxe8 27. Rxe8 Be6 28. Bxe6 fxe6 29. Ra8 Ra6 30. Rxa6 bxa6 31. Ng3 Ne7 32. Ne4 Bb6 33. Kf2 Kg6 34. Bd2 Kf5 35. Nd6+ Kf6 36. Nc4 Ba7 37. Ke2 Nd5 38. Na5 g5 39. Nc6 Bc5 40. Nb8 Nc7 41. Nd7+ Ke7 42. Nxc5 Kd6 43. Nxa4 e5 44. Nb6 Ne6 45. Nc4+ Kd5 46. g3 h5 47. h3 h4 48. g4 Kc5 49. Nxe5 Kd5 50. Nf7 Nf4+ 51. Bxf4 gxf4 52. Nh6 Ke5 53. Nf5 Kd5 54. Nxh4 Ke5 55. Ng2 a5 56. h4 a4 57. h5 Kf6 58. Nxf4 Kg5 59. Ne6+ Kh6 60. Nxd4 Kh7 1-0

[Event "CZE-ch Youth G10-G12-G14 2022"]
[Site "Luhacovice"]
[Date "2022.03.19"]
[Round "9.20"]
[White "Bouchalova, Kveta"]
[Black "Sochorova Valentyna"]
[Result "1-0"]
[ECO "C30"]
[WhiteElo "1303"]
[BlackElo "1201"]
[Annotator "NA"]
[PlyCount "45"]
[EventDate "2022.03.12"]
[EventType "swiss"]
[EventCountry "CZE"]
[SourceTitle "playchess.com"]
[Source "ChessBase"]
[SourceQuality "1"]
[TimeControl "40/5400+30:1800+30"]

1. e4 e5 2. f4 Bc5 3. Nf3 d6 4. Bc4 Nf6 5. Nc3 Nc6 6. d3 a6 7. Qe2 Qe7 8. Be3 Bxe3 9. Qxe3 b5 10. Nd5 Nxd5 11. Bxd5 Bb7 12. a3 O-O 13. O-O Rab8 14. Rf2 Nd8 15. Ba2 Ne6 16. fxe5 dxe5 17. Nxe5 Ng5 18. Nd7 Qxd7 19. Qxg5 Qd4 20. Rb1 Bc8 21. Qg3 Qc5 22. c3 Qb6 23. Rbf1 1-0

[Event "CZE-ch Youth G10-G12-G14 2022"]
[Site "Luhacovice"]
[Date "2022.03.19"]
[Round "9.21"]
[White "Kubatova Ema"]
[Black "Kubatova Beta"]
[Result "0-1"]
[ECO "B22"]
[WhiteElo "1183"]
[BlackElo "1071"]
[Annotator "NA"]
[PlyCount "170"]
[EventDate "2022.03.12"]
[EventType "swiss"]
[EventCountry "CZE"]
[SourceTitle "playchess.com"]
[Source "ChessBase"]
[SourceQuality "1"]
[TimeControl "40/5400+30:1800+30"]

1. e4 c5 2. c3 d5 3. exd5 Qxd5 4. d4 Nc6 5. Nf3 Bg4 6. Be2 Nf6 7. Be3 cxd4 8. cxd4 e6 9. O-O Qd7 10. Nc3 a6 11. a3 Bd6 12. Qd2 O-O 13. Rac1 Rac8 14. Rfd1 Rfd8 15. Qd3 b5 16. b4 Bf5 17. Qd2 h6 18. h3 Bc7 19. Ne1 Bb6 20. Nf3 Ne4 21. Nxe4 Bxe4 22. Ne5 Nxe5 23. Rxc8 Qxc8 24. Rc1 Qb7 25. Qb2 Bd3 26. dxe5 Bxe3 27. fxe3 Qb6 28. Kf2 Bxe2 29. Qxe2 Rd5 30. Rc8+ Kh7 31. Qc2+ g6 32. Qe4 Qb7 33. Qc2 Rxe5 34. Rc7 Rf5+ 35. Kg1 Qb6 36. Rc5 Qa7 37. Rxf5 gxf5 38. Qc5 Qb7 39. Qd6 Qc8 40. Kh2 Kg6 41. Qb6 h5 42. Kg3 Kg5 43. Qa7 h4+ 44. Kh2 Kg6 45. Qd4 Qc7+ 46. Kg1 Qc1+ 47. Kh2 Qxa3 48. Qxh4 Qxe3 49. Qe7 Qe5+ 50. Kg1 Qe1+ 51. Kh2 a5 52. bxa5 Qxa5 53. h4 Qd2 54. Kh3 Kg7 55. h5 b4 56. g3 b3 57. Qc5 Qb2 58. Qb5 Qc3 59. Qb6 b2 60. Qb7 Qf6 61. Qb8 Qd4 62. Qb7 Qg1 63. Qxb2+ Kh7 64. Qh2 Qxh2+ 65. Kxh2 Kh6 66. Kg2 Kxh5 67. Kf3 f6 68. Ke3 Kg4 69. Kf2 e5 70. Kg2 f4 71. gxf4 exf4 72. Kf2 f5 73. Ke2 Kg3 74. Kf1 Kf3 75. Kg1 Ke2 76. Kg2 f3+ 77. Kg3 f2 78. Kf4 f1=Q+ 79. Ke5 f4 80. Kd5 f3 81. Ke5 f2 82. Kd4 Qd1+ 83. Ke5 f1=R 84. Ke6 Qa4 85. Ke5 Rf4 0-1

[Event "CZE-ch Youth G10-G12-G14 2022"]
[Site "Luhacovice"]
[Date "2022.03.19"]
[Round "9.22"]
[White "Stavova, Lucie"]
[Black "Nova Anezka"]
[Result "1-0"]
[ECO "C47"]
[WhiteElo "1048"]
[BlackElo "1111"]
[Annotator "NA"]
[PlyCount "76"]
[EventDate "2022.03.12"]
[EventType "swiss"]
[EventCountry "CZE"]
[SourceTitle "playchess.com"]
[Source "ChessBase"]
[SourceQuality "1"]
[TimeControl "40/5400+30:1800+30"]

1. e4 e5 2. Nf3 Nc6 3. Nc3 Nf6 4. d4 exd4 5. Nxd4 Bb4 6. Nxc6 bxc6 7. Bd3 d5 8. exd5 cxd5 9. O-O c6 10. Bg5 O-O 11. Qf3 h6 12. Bxf6 Qxf6 13. Qxf6 gxf6 14. Ne2 Kh8 15. c3 Bd6 16. Rfe1 Rg8 17. Kh1 Rb8 18. b3 Be5 19. Rab1 Bg4 20. f3 Be6 21. Nd4 Bd7 22. Nf5 Bxf5 23. Bxf5 Bxc3 24. Re7 a5 25. Rc1 Bb2 26. Rxc6 Rge8 27. Rxe8+ Rxe8 28. h3 Re1+ 29. Kh2 Be5+ 30. g3 Re2+ 31. Kg1 Bxg3 32. Rxf6 Kg7 33. Rc6 Rxa2 34. Kf1 Rf2+ 35. Kg1 Rxf3 36. Bc2 d4 37. Kg2 Re3 38. Bd1 Be5 1-0